[Event "Grand Prix Romania 1st Stage 2024"]
[Site "Bucuresti"]
[Date "2024.03.23"]
[Round "3.1"]
[White "Motylev, Alexander"]
[Black "Cnejev, Vladimir-Alexandru"]
[Result "1-0"]
[ECO "C85"]
[WhiteElo "2611"]
[BlackElo "2311"]
[Annotator "TA"]
[PlyCount "107"]
[EventDate "2024.03.20"]
[EventType "swiss"]
[EventCountry "ROU"]
[SourceTitle "playchess.com"]
[Source "ChessBase"]
[SourceQuality "1"]
[TimeControl "900+5"]

1. e4 e5 2. Nf3 Nc6 3. Bb5 a6 4. Ba4 Nf6 5. O-O Be7 6. Bxc6 dxc6 7. Nc3 Nd7 8. d4 Bd6 9. Bg5 f6 10. Bh4 O-O {[%emt 0:00:16] The position is equal.} 11. Bg3 Qe7 12. Re1 Rd8 13. Qe2 exd4 {[%emt 0:00:48] Hoping for ...Bxg3.} 14. Nxd4 Bxg3 15. hxg3 Nb6 16. Rad1 c5 17. Nb3 Be6 18. Qe3 Bxb3 19. cxb3 c4 20. bxc4 Nxc4 21. Qc1 c6 {[%emt 0:00:04] Prevents Nd5} 22. Na4 Ne5 23. Nc5 b6 24. Na4 b5 25. Nc5 Nc4 26. Nd3 Rd6 27. b3 Rad8 (27... Ne5 $11 {remains equal.} 28. Nxe5 Qxe5 29. Rxd6 Qxd6) 28. bxc4 $16 Rxd3 29. Rxd3 Rxd3 30. cxb5 cxb5 {[%emt 0:00:07][%mdl 4096] Endgame. KQR-KQR} 31. Qc8+ Qd8 {[%emt 0:00:10] White now steadily converts the win.} 32. Qxa6 Rd1 33. Qe6+ Kh8 34. Rxd1 Qxd1+ {[%emt 0:00:01] KQ-KQ} 35. Kh2 h6 $2 (35... Qh5+ $16 36. Qh3 Qe8) 36. Qe8+ $18 Kh7 37. Qxb5 {[%emt 0:00:04] aiming for a4.} Qc2 38. Qd5 $2 (38. a4 Qxe4 39. a5) 38... Kh8 39. f3 Kh7 (39... Qa4 $142 40. Qe6 h5) 40. g4 $2 (40. e5 {Intending Qe4+ and mate.} Qg6 41. e6) 40... Qf2 41. Kh3 {[%emt 0:00:34] Dodges Qh4+} (41. Qf5+ $142 Kh8 42. Qa5) 41... g5 $2 (41... Qe1) 42. Qf7+ Kh8 43. Qxf6+ Kh7 44. Qf7+ Kh8 45. Qh5 {[%emt 0:00:10] Dodges Qh4+} Kg7 {[%emt 0:00:08] [#]} 46. Kh2 {[%emt 0:00:31] Inhibits Qg1+.} Qxa2 47. Qh3 Qa6 48. Qg3 {[%emt 0:00:01] f4 is the strong threat.} Kf6 (48... Qb6 $142 49. Qe5+ Kg8 50. Qe8+ Kg7 51. Qe7+ Kh8) 49. Qb8 Qc6 50. Qf8+ Kg6 51. Qg8+ (51. f4 $142 {f5+ would kill now.} gxf4 52. e5 (52. Qxf4 Kg7 $18)) 51... Kf6 52. Qf8+ (52. Qh7 $18 Qc1 53. Qxh6+ Ke7 54. Qg7+ Ke8 55. Qg6+ Ke7 56. Qf5) 52... Ke5 $2 {[%emt 0:00:04][%mdl 8192] [#]} (52... Kg6 $11 53. Qg8+ Kf6) 53. Qg7+ Kf4 54. Qd4 {[%emt 0:00:08] Weighted Error Value: White=0.38/Black=0.43.  Loses game:     	---       	Black=2      Mistake:       	White=1     	Black=4      Inaccurate:     	White=3     	Black=5      OK:         	White=12    	Black=10     Best:        	White=6     	---} 1-0

[Event "Grand Prix Romania 1st Stage 2024"]
[Site "Bucuresti"]
[Date "2024.03.23"]
[Round "3.2"]
[White "Cosma, Ioan"]
[Black "Ponomariov, Ruslan"]
[Result "0-1"]
[ECO "B52"]
[WhiteElo "2316"]
[BlackElo "2646"]
[Annotator "TA"]
[PlyCount "56"]
[EventDate "2024.03.20"]
[EventType "swiss"]
[EventCountry "ROU"]
[SourceTitle "playchess.com"]
[Source "ChessBase"]
[SourceQuality "1"]
[TimeControl "900+5"]

1. e4 c5 2. Nf3 d6 3. Bb5+ Bd7 4. Bxd7+ Nxd7 5. d4 cxd4 6. Qxd4 Ngf6 7. O-O g6 8. e5 dxe5 9. Nxe5 Bg7 {[%emt 0:00:25] The position is equal.} 10. Nxd7 Qxd7 11. Qxd7+ Nxd7 12. c3 Nc5 13. Rd1 {[%emt 0:01:21] Wards off Nd3} Rd8 14. Rxd8+ Kxd8 15. Be3 Nd3 16. Bxa7 (16. Na3 $11 Kc8 (16... Nxb2 17. Rb1 $11) 17. Rb1) 16... Nxb2 $17 {[%emt 0:00:22] Black is more active.} 17. Bd4 Bxd4 18. cxd4 {[%emt 0:00:02][%mdl 4096] Endgame. KRN-KRN} Kd7 19. Nc3 Rc8 20. Nd5 (20. Ne4 $142) 20... Kd6 21. Ne3 {[%emt 0:00:07] [#]} Nd3 $1 22. Kf1 Rc1+ 23. Rxc1 Nxc1 $19 {[%emt 0:00:01] KN-KN} 24. a3 Nb3 25. d5 (25. Ke2 $17) 25... Nd4 26. Ke1 Nb5 27. a4 Nc3 28. a5 Nxd5 {[%emt 0:00:48] Weighted Error Value: White=0.23 (precise) /Black=0.06 (flawless) .  Mistake:       	White=3     	---        Inaccurate:     	White=2     	Black=1      OK:         	White=7     	Black=8      Best:        	White=1     	Black=2      Strong:       	---       	Black=1} 0-1

[Event "Grand Prix Romania 1st Stage 2024"]
[Site "Bucuresti"]
[Date "2024.03.23"]
[Round "3.3"]
[White "Sarana, Alexey"]
[Black "Patrascu, Catalin-Lucian"]
[Result "1-0"]
[ECO "D27"]
[WhiteElo "2699"]
[BlackElo "2298"]
[Annotator "TA"]
[PlyCount "64"]
[EventDate "2024.03.20"]
[EventType "swiss"]
[EventCountry "ROU"]
[SourceTitle "playchess.com"]
[Source "ChessBase"]
[SourceQuality "1"]
[TimeControl "900+5"]

1. d4 d5 2. c4 dxc4 3. Nf3 Nf6 4. e3 e6 5. Bxc4 a6 6. O-O c5 7. Nc3 Nbd7 8. a4 cxd4 9. exd4 Be7 10. Bg5 O-O 11. Qd3 b6 12. Rfe1 Bb7 13. Rad1 {[%emt 0:00:04] The position is equal.} Qc7 14. Ba2 Rad8 (14... Bb4 $11) 15. Bb1 {[%emt 0:00:09] White is more active.} (15. d5 $16 Bc5 16. dxe6 fxe6 17. Bxe6+ Kh8 18. Qf5) 15... g6 (15... h6 $15 16. Bh4 Bd6) 16. h3 Rfe8 17. Ba2 Nh5 (17... Rc8 $11 {keeps the balance.}) 18. Bxe7 Rxe7 19. d5 Nc5 20. Qe3 (20. Qd4 $142) 20... Ng7 $2 {[%emt 0:02:27] [#] Black cannot hold the game after this.} (20... Rdd7 $16 {was necessary.}) 21. b4 $18 Nf5 22. Qc1 Nd7 (22... exd5 {might work better.} 23. bxc5 Rxe1+ 24. Nxe1 Qxc5) 23. dxe6 {[%emt 0:00:56] White is clearly winning.} Bxf3 24. Nd5 Qxc1 25. Nxe7+ Nxe7 26. Rxc1 ({Less strong is} 26. exf7+ Kf8 27. Rxc1 Bd5 28. Rxe7 Bxa2 $14) 26... fxe6 27. Bxe6+ Kf8 28. gxf3 Nf6 29. Red1 Re8 30. Rd6 a5 31. b5 Nh5 32. Bg4 Ng7 {[%emt 0:00:13] Weighted Error Value: White=0.33/Black=0.69.  Loses game:     	---       	Black=1      Mistake:       	White=2     	Black=4      Inaccurate:     	White=1     	Black=2      OK:         	White=5     	Black=4      Best:        	White=3     	Black=2} 1-0

[Event "Grand Prix Romania 1st Stage 2024"]
[Site "Bucuresti"]
[Date "2024.03.23"]
[Round "3.4"]
[White "Antal, Hunor-Zoltan"]
[Black "Deac, Bogdan-Daniel"]
[Result "0-1"]
[ECO "A10"]
[WhiteElo "2272"]
[BlackElo "2690"]
[Annotator "TA"]
[PlyCount "64"]
[EventDate "2024.03.20"]
[EventType "swiss"]
[EventCountry "ROU"]
[SourceTitle "playchess.com"]
[Source "ChessBase"]
[SourceQuality "1"]
[TimeControl "900+5"]

1. c4 e6 2. Nf3 b6 3. e3 Bb7 4. Nc3 Nf6 5. b3 g6 6. Bb2 Bg7 7. d4 O-O 8. Bd3 {[%emt 0:00:02] Die Stellung ist ausgeglichen.} c5 9. dxc5 bxc5 10. O-O d6 11. Qe2 Qb6 12. Rfd1 Rd8 13. Rac1 Nbd7 14. Rc2 Bc6 15. Rcd2 Qb7 16. Bb1 d5 17. cxd5 exd5 18. Rc1 (18. Bd3 $15) 18... Re8 $17 19. Qd1 Bh6 {[%emt 0:00:36][%cal Od5d4] Droht ...d4! und aus.} 20. Na4 {[%emt 0:01:29] [#]} Bxa4 ({Auf keinen Fall} 20... d4 21. Nxc5 Nxc5 22. Nxd4 $15) 21. Bxf6 (21. bxa4 $17 d4 22. exd4) 21... Nxf6 $19 22. bxa4 {[%emt 0:00:04] [#]} d4 $1 23. Rxc5 $2 (23. exd4 Bxd2 24. Qxd2) (23. Nxd4 cxd4) 23... dxe3 24. Rb5 Qc7 25. Re2 exf2+ 26. Kxf2 Ng4+ 27. Kg1 Be3+ 28. Kh1 Nf2+ 29. Rxf2 Bxf2 30. Rb2 $2 (30. Qf1 Bb6 31. Bd3) 30... Rad8 {[%emt 0:00:10] Schwarz steht klar auf Gewinn.} 31. Qf1 Bb6 32. Bd3 {[%emt 0:00:09] [#] Lässt Qc4 nicht zu} Rxd3 $1 {[%emt 0:00:09][%mdl 512] Gewichteter Fehlerwert: Weiß=1.06/Schwarz=0.47.  Fehler:       	Weiß=4     	---        Ungenau:       	Weiß=2     	---        OK:         	Weiß=3     	Schwarz=10    Bester:       	Weiß=1     	Schwarz=1} 0-1

[Event "Grand Prix Romania 1st Stage 2024"]
[Site "Bucuresti"]
[Date "2024.03.23"]
[Round "3.5"]
[White "Safarli, Eltaj"]
[Black "Prisacaru, Stefan-Emilian"]
[Result "1-0"]
[ECO "B14"]
[WhiteElo "2614"]
[BlackElo "2273"]
[Annotator "TA"]
[PlyCount "69"]
[EventDate "2024.03.20"]
[EventType "swiss"]
[EventCountry "ROU"]
[SourceTitle "playchess.com"]
[Source "ChessBase"]
[SourceQuality "1"]
[TimeControl "900+5"]

1. e4 c6 2. d4 d5 3. exd5 cxd5 4. c4 Nf6 5. Nc3 g6 6. Qb3 Bg7 7. cxd5 O-O 8. Be2 Qb6 9. Qxb6 axb6 10. Bf3 Na6 11. Nge2 Nb4 12. O-O Rd8 13. d6 Rxd6 14. Bf4 Rd7 15. Rfd1 Nfd5 16. Be5 (16. Bg3 $11) 16... Nxc3 $1 $15 17. bxc3 {[%emt 0:00:18] Schwarz steht etwas besser.} Bxe5 18. dxe5 {[%emt 0:00:02] [#] Schwarz muss nun Rxd7 beachten.} Rxd1+ ({Lieber nicht} 18... Nxa2 19. Rxd7 Bxd7 20. Bd5 $16) (18... Nc6 $15 19. Bxc6 bxc6) 19. Rxd1 $11 Nc6 {[%emt 0:00:46] Gegen Rd8+ gerichtet.} 20. Bxc6 bxc6 {[%emt 0:00:01][%mdl 4096] Endspiel. KRB-KRN} 21. Rd8+ Kg7 22. f3 Rxa2 23. Nd4 Be6 24. Nxc6 Rc2 25. Nxe7 Rxc3 26. h4 Rc7 27. Rg8+ Kh6 28. Re8 Bd7 (28... g5 $11) 29. Rb8 $1 $14 b5 30. Ng8+ Kg7 {[%emt 0:00:02] ...Rc8 ist eine echte Drohung.} 31. Nf6 {[%emt 0:00:05] Weiss droht Rg8+ und Matt.} Rc1+ {[%emt 0:00:10] [#]} (31... Rc8 $142 32. Rb6 (32. Nxd7 $2 Rxb8 33. Kf1 b4 $19) 32... Be6) 32. Kh2 {[%emt 0:00:14] Weiß steht aktiver.} ({Der einzige Zug:} 32. Kf2 $1 $16 Bc8 33. g4 (33. Rxb5 Rc2+ 34. Kg3 Re2 $16)) 32... Bc6 $2 (32... Rc8 $14 33. Rb6 (33. Nxd7 $2 {verliert.} Rxb8 34. Nxb8 b4 $19) 33... Be6) 33. Rg8+ {[%emt 0:00:08] Weiß setzt Matt.} Kh6 34. g4 Rc2+ 35. Kg3 {[%emt 0:00:01] Weiß hat die Chance genutzt.   Gewichteter Fehlerwert: Weiß=0.45/Schwarz=0.53.  Verlustzug:     	---       	Schwarz=1     Gewinn verpasst:   	---       	Schwarz=1     Fehler:       	Weiß=2     	Schwarz=3     OK:         	Weiß=6     	Schwarz=4     Bester:       	Weiß=3     	---        Stark:        	Weiß=1     	Schwarz=1} 1-0

[Event "Grand Prix Romania 1st Stage 2024"]
[Site "Bucuresti"]
[Date "2024.03.23"]
[Round "3.6"]
[White "Obada, Ema"]
[Black "Sokolov, Ivan"]
[Result "0-1"]
[ECO "C47"]
[WhiteElo "1976"]
[BlackElo "2590"]
[Annotator "RC"]
[PlyCount "112"]
[EventDate "2024.03.20"]
[EventType "swiss"]
[EventCountry "ROU"]
[SourceTitle "playchess.com"]
[Source "ChessBase"]
[SourceQuality "1"]
[TimeControl "900+5"]

1. e4 e5 2. Nf3 Nc6 3. Nc3 Nf6 4. d4 exd4 5. Nxd4 Bb4 6. Nxc6 bxc6 7. Bd3 O-O 8. O-O Re8 9. Qf3 Bd6 10. h3 Rb8 11. Rb1 Be5 12. Bf4 Qe7 13. Rfe1 d6 14. Bd2 h6 15. b3 Nd7 16. Nd1 Nc5 17. Ne3 Bf6 18. Ng4 Bg5 19. Bc3 Be6 20. Bd4 Nxd3 21. cxd3 Qd7 22. Ne3 a5 23. Qg3 Qd8 24. Nc4 Ra8 25. Bc3 a4 26. b4 a3 27. Re2 Bf6 28. Bxf6 Qxf6 29. e5 dxe5 30. Rxe5 Bxc4 31. Rxe8+ Rxe8 32. dxc4 Re2 33. Rb3 Rxa2 34. Rf3 Qd4 35. Qxc7 Qxc4 36. Qc8+ Kh7 37. Qf5+ g6 38. Qf6 Qe6 39. Qc3 h5 40. Rf6 Rc2 41. Qa1 Qe7 42. Rf3 a2 43. Ra3 Re2 44. Qd4 Re4 45. Qc3 Re1+ 46. Kh2 Qd6+ 47. g3 Re2 48. Qf3 Qe7 49. Ra8 Rc2 50. Kg2 Qe6 51. Kh2 Kg7 52. Ra6 Qf6 53. Qxf6+ Kxf6 54. b5 Rxf2+ 55. Kg1 Rc2 56. bxc6 Rc1+ 0-1

[Event "Grand Prix Romania 1st Stage 2024"]
[Site "Bucuresti"]
[Date "2024.03.23"]
[Round "3.7"]
[White "Mamedov, Rauf"]
[Black "Buzbuchi, Ionut"]
[Result "1-0"]
[ECO "B50"]
[WhiteElo "2651"]
[BlackElo "2035"]
[Annotator "TA"]
[PlyCount "45"]
[EventDate "2024.03.20"]
[EventType "swiss"]
[EventCountry "ROU"]
[SourceTitle "playchess.com"]
[Source "ChessBase"]
[SourceQuality "1"]
[TimeControl "900+5"]

1. e4 c5 2. Nf3 d6 3. Nc3 g6 4. d4 cxd4 5. Qxd4 Nf6 6. e5 Nc6 7. Bb5 dxe5 8. Bxc6+ (8. Qxe5 $6 Bd7 9. Qg3 Bg7 $11) 8... bxc6 9. Qxd8+ Kxd8 {[%emt 0:00:03] White is slightly better.} 10. Nxe5 Ke8 11. O-O Bd7 (11... Nd5 $11) 12. Re1 {[%emt 0:00:10] White has more active pieces. The black rooks are passive.} Nd5 13. Ne4 {[%emt 0:00:11] A dynamic duo of knights.} Bg7 14. Nxd7 Kxd7 15. c4 $36 {[%emt 0:00:08][%cal Oe1d1][%mdl 2048] Rd1! is the strong threat. Black is under pressure.} Nc7 (15... Nb6 $14) 16. Nc5+ $16 Kc8 {[%emt 0:00:35] [#]} 17. Bf4 $1 ({But not} 17. Rxe7 $6 Bf8 18. Bg5 (18. Re5 f6 $17) 18... h6 $11) 17... e6 (17... Re8 $16 {was necessary.}) 18. Rad1 $18 Rd8 19. Rxd8+ Kxd8 20. Rd1+ Kc8 $2 {[%emt 0:00:02] [#]} (20... Nd5 21. cxd5 cxd5) 21. Bxc7 {[%emt 0:00:02] White is clearly winning.} Kxc7 22. Rd7+ Kb6 23. b4 {[%emt 0:00:01] Weighted Error Value: White=0.06 (flawless) /Black=0.58.  Mistake:       	---       	Black=4      Inaccurate:     	White=2     	Black=1      OK:         	White=7     	Black=2      Best:        	White=3     	---        Strong:       	White=1     	---} 1-0

[Event "Grand Prix Romania 1st Stage 2024"]
[Site "Bucuresti"]
[Date "2024.03.23"]
[Round "3.8"]
[White "Maximov, Oleg"]
[Black "Korobov, Anton"]
[Result "0-1"]
[ECO "A05"]
[WhiteElo "2185"]
[BlackElo "2662"]
[Annotator "TA"]
[PlyCount "70"]
[EventDate "2024.03.20"]
[EventType "swiss"]
[EventCountry "ROU"]
[SourceTitle "playchess.com"]
[Source "ChessBase"]
[SourceQuality "1"]
[TimeControl "900+5"]

1. e4 c5 2. Nf3 d6 3. g3 Nf6 4. d3 g6 5. Bg2 Bg7 6. O-O O-O 7. e5 dxe5 8. Nxe5 Nfd7 9. Nc4 {[%emt 0:00:29] The position is equal.} Nc6 10. Nc3 Nb6 11. Ne4 ({White should play} 11. Ne3 $11) 11... Nxc4 $15 12. dxc4 Qb6 (12... Qxd1 $15 13. Rxd1 Bg4) 13. c3 Ne5 14. Qe2 Bg4 15. f3 Bf5 $36 {[%emt 0:01:07][%mdl 2048] Black is pushing.} 16. b3 Rad8 17. g4 (17. Be3 $15) 17... Bxe4 $17 18. Qxe4 Nc6 19. Qe3 Nb4 20. Rf2 {[%emt 0:00:47] Prevents Nc2.} (20. Qe2 $17) 20... Rd3 $19 21. Qxe7 {[%emt 0:00:07] [#]} Bf6 $1 ({Less strong is} 21... Bxc3 22. Bb2 $17) ({Weaker is} 21... Rd1+ 22. Rf1 Rxf1+ (22... Bxc3 23. Rxd1 Nc6 24. Qe2 $11) 23. Bxf1 $17) 22. Qe4 (22. Qe2 $142 Rxc3 (22... Bxc3 $2 23. Bb2 $19) 23. Bb2) 22... Bxc3 (22... Qd8 $142 {Threatens to win with ...Re8.} 23. Bf1 Re8 (23... Rxc3 $2 24. Bb2 $19)) 23. Bb2 Bd4 ({Black should try} 23... Bxb2 24. Rxb2 Qf6) 24. Bxd4 $17 Rxd4 25. Qe3 Qf6 26. Raf1 $2 (26. f4 $17) 26... Nd3 $19 27. Rd2 Nf4 28. Rfd1 Rfd8 29. Bf1 b6 {[%emt 0:00:20] Black is more active.} 30. Rxd4 cxd4 31. Qe4 d3 {[%emt 0:00:36] ...Rd6 would now be deadly.} 32. Bxd3 $2 {[%emt 0:00:31] [#]} (32. Qe3 {was forced.}) 32... Rd4 $1 33. Qe8+ Kg7 34. Bc2 (34. Qe3 $142 Qd6 35. h4) 34... Rxd1+ 35. Bxd1 Qd4+ {[%emt 0:00:02] Weighted Error Value: White=0.60/Black=0.20 (precise) .  Loses game:     	White=1     	---        Mistake:       	White=6     	Black=3      Inaccurate:     	White=4     	Black=1      OK:         	White=4     	Black=11     Best:        	White=4     	Black=4      Strong:       	---       	Black=2} 0-1

[Event "Grand Prix Romania 1st Stage 2024"]
[Site "Bucuresti"]
[Date "2024.03.23"]
[Round "3.9"]
[White "Coicev, Matei-Andrei"]
[Black "Kuzubov, Yuriy"]
[Result "0-1"]
[ECO "B10"]
[WhiteElo "2153"]
[BlackElo "2605"]
[Annotator "TA"]
[PlyCount "92"]
[EventDate "2024.03.20"]
[EventType "swiss"]
[EventCountry "ROU"]
[SourceTitle "playchess.com"]
[Source "ChessBase"]
[SourceQuality "1"]
[TimeControl "900+5"]

1. e4 c6 2. Nf3 d5 3. exd5 cxd5 4. Ne5 e6 5. d4 Bd6 6. c3 Nc6 7. Nxc6 bxc6 8. Bd3 {[%emt 0:00:08] Black has an edge.} Ne7 9. O-O Qc7 10. h3 O-O 11. Nd2 f6 12. Nb3 e5 13. c4 e4 14. Be2 Qd8 15. cxd5 Nxd5 ({Better is} 15... cxd5 $17 16. Nc5 Bc7) 16. f3 Bf5 17. Nd2 (17. Nc5 $11 Qe7 18. Nxe4) 17... exf3 (17... e3 $17 18. Ne4 Bb8) 18. Bxf3 Bg6 {[%emt 0:00:11] Black has more active pieces.} 19. Nc4 Bb8 {[%emt 0:00:34] ...Qc7 would now be deadly.} 20. Ne3 (20. b3 $1 $15) 20... Bf7 ({Black should play} 20... Qd6 $17 21. Bxd5+ cxd5) 21. Nxd5 cxd5 22. Bg4 Qb6 23. Kh1 Re8 24. b3 (24. Qb3 $15) 24... Re4 $17 25. Qc2 {[%emt 0:00:23] [#] Repels Qc7} Bc7 $2 (25... Qxd4 26. Bb2 Qe3 27. Qc8+ (27. Qc6 $2 Qg3 $19) 27... Re8 28. Rfe1) (25... Qd6 $1 $19 26. g3 Qxg3 (26... Rxd4 27. Bf5 $15)) 26. Bf5 {[%emt 0:00:17] [#]} Qd6 $1 27. g3 $1 {[%emt 0:00:11] [#]} Qxg3 $1 $40 {[%emt 0:00:11][%cal Oa8e8][%mdl 128] White must now prevent ...Rae8! White needs to defend precisely.} 28. Bxe4 dxe4 29. Qg2 Bd5 30. Qxg3 Bxg3 {[%emt 0:00:02] A strong pair of Bishops.} 31. Be3 f5 $2 32. Kg1 $2 (32. Kg2 $18 f4 33. Bxf4) 32... Rf8 33. Bf4 (33. Rac1 $11 {keeps the balance.}) 33... Bxf4 34. Rxf4 {[%emt 0:00:01][%mdl 4096] Endgame. KRR-KRB} g5 35. Rff1 f4 {[%emt 0:00:02][%mdl 1024] Black has strong compensation.} 36. Kf2 $2 (36. Rac1 $17 {is a better defense.}) 36... e3+ $19 37. Ke2 Re8 (37... Kg7 $19 {And now ...Re8 would win.} 38. Rfc1 h6 39. Rc7+ Kg6 40. Rxa7 Re8 41. Ra6+ Kf5) 38. Rae1 $2 (38. h4 $1 $15) 38... Kf7 39. h4 h6 (39... gxh4 $2 {too greedy.} 40. Rxf4+ Ke6 41. Rxh4 $18 (41. Kxe3 Kd6+ 42. Kd2 Rxe1 $18)) 40. hxg5 hxg5 {[%emt 0:00:01] ...Bg2 is the strong threat.} 41. Kd3 Kg6 42. Rg1 Kf5 43. Kc3 f3 44. Kd3 f2 45. Ref1 g4 46. Ke2 Bf3+ {[%emt 0:00:02] Weighted Error Value: White=0.94/Black=0.44.  Loses game:     	White=1     	Black=1      Missed win:     	White=1     	Black=1      Mistake:       	White=5     	Black=4      Inaccurate:     	White=5     	Black=1      OK:         	White=8     	Black=8      Best:        	White=4     	Black=3      Strong:       	White=1     	Black=2} 0-1

[Event "Grand Prix Romania 1st Stage 2024"]
[Site "Bucuresti"]
[Date "2024.03.23"]
[Round "3.10"]
[White "Brunello, Sabino"]
[Black "Doluhanova, Evgeniya"]
[Result "1-0"]
[ECO "A13"]
[WhiteElo "2515"]
[BlackElo "2261"]
[Annotator "TA"]
[PlyCount "67"]
[EventDate "2024.03.20"]
[EventType "swiss"]
[EventCountry "ROU"]
[SourceTitle "playchess.com"]
[Source "ChessBase"]
[SourceQuality "1"]
[TimeControl "900+5"]

1. c4 Nf6 2. g3 e6 3. Bg2 d5 4. Nf3 dxc4 5. Qa4+ Bd7 6. Qxc4 c5 7. Ne5 Qc8 8. b3 {[%emt 0:00:08] Die Stellung ist ausgeglichen.} Nc6 9. Nxd7 Qxd7 10. Bb2 Be7 11. O-O O-O 12. Rd1 Rac8 13. Nc3 Nd4 14. e3 Nc2 15. Rac1 Nb4 16. d4 cxd4 17. Qxd4 Qxd4 18. Rxd4 b6 {[%emt 0:00:28] Weiß überlässt nun nichts mehr dem Zufall.} ({Besser ist} 18... Rfd8 $14 19. Rxd8+ (19. Bxb7 Rxd4 20. Bxc8 Rd2 $11) 19... Rxd8) 19. a3 $16 Nc6 20. Rc4 Na5 {[%emt 0:00:11][%csl LRb3,LRc4] [#]} 21. Nd5 $1 Rce8 22. Nxe7+ Rxe7 23. R4c3 $36 {[%emt 0:00:19][%mdl 2048] Weiss hat starke Initiative.} b5 (23... Nd5 $16 {ist eine bessere Verteidigung.}) 24. Rd3 $18 Rd7 {[%emt 0:01:18] Schwarz hat schwache schwarze Felder} 25. Rxd7 Nxd7 26. Rc7 Rd8 27. Rxa7 Nxb3 28. Bc6 Ndc5 29. Bxb5 h5 30. Bc3 Ne4 31. Bb4 g5 32. Bc6 {[%emt 0:00:54] Ein starkes Läuferpaar.} Nbd2 {[%emt 0:00:16] [#]} (32... Nec5 {ist eine bessere Chance.} 33. Ra8 Rxa8 34. Bxa8 f5) 33. Ra8 Rxa8 34. Bxa8 {[%emt 0:00:01] Gewichteter Fehlerwert: Weiß=0.02 (makellos) /Schwarz=0.22 (präzise) .  Fehler:       	---       	Schwarz=3     Ungenau:       	---       	Schwarz=1     OK:         	Weiß=16    	Schwarz=13    Bester:       	Weiß=2     	Schwarz=1     Brilliant:      	Weiß=1     	---} 1-0

[Event "Grand Prix Romania 1st Stage 2024"]
[Site "Bucuresti"]
[Date "2024.03.23"]
[Round "3.11"]
[White "Miroiu, George-Catalin"]
[Black "Sargsyan, Shant"]
[Result "0-1"]
[ECO "E61"]
[WhiteElo "2294"]
[BlackElo "2637"]
[Annotator "TA"]
[PlyCount "84"]
[EventDate "2024.03.20"]
[EventType "swiss"]
[EventCountry "ROU"]
[SourceTitle "playchess.com"]
[Source "ChessBase"]
[SourceQuality "1"]
[TimeControl "900+5"]

1. d4 Nf6 2. Nf3 g6 3. c4 d6 4. Nc3 Bf5 5. Qb3 Qc8 6. Bg5 Bg7 7. e3 h6 8. Bh4 {[%emt 0:00:12] The position is equal.} g5 9. Bg3 Nh5 10. Rd1 O-O 11. Be2 Nxg3 12. hxg3 c5 13. dxc5 dxc5 14. Bd3 Bxd3 15. Rxd3 Nc6 16. O-O b6 17. Rfd1 Qe6 18. Nd5 Rac8 {[%emt 0:00:13] Repels Nc7} 19. Qc2 Qg4 20. Nh2 Qe4 21. b3 e6 22. Nc3 Qg6 23. a3 {[%emt 0:00:18] Dodges Nb4} (23. Qc1 $11 {remains equal.}) 23... Ne5 $17 {[%emt 0:01:12] Black continues to play with concentration.} 24. R3d2 Qxc2 25. Rxc2 Rfd8 26. Kf1 Nc6 27. Rxd8+ Rxd8 28. Ne4 {[%emt 0:00:20] [#]} (28. Ke2 $17 {is a better defense.}) 28... Rd1+ $1 $19 29. Ke2 Ra1 30. a4 f5 31. Nd6 Rb1 32. Nf3 Rxb3 33. Ra2 Rb1 34. Nd2 Rc1 35. Nc8 $2 (35. a5 {keeps fighting.} Nxa5 (35... bxa5 36. Nb3 $17) 36. Nc8) 35... g4 36. a5 bxa5 {[%emt 0:00:16] Hoping for ...Bc3.} 37. Nb3 Rxc4 {[%emt 0:00:26] aiming for ...a4.} 38. Nxa5 Nxa5 39. Rxa5 Rc2+ 40. Kf1 c4 41. Nxa7 $2 {[%emt 0:00:04] [#]} (41. Ne7+ $19 Kf8 42. Rxa7) 41... Rc1+ 42. Ke2 Bc3 {[%emt 0:00:01] Weighted Error Value: White=0.41/Black=0.08 (flawless) .  Loses game:     	White=1     	---        Mistake:       	White=4     	---        Inaccurate:     	White=1     	Black=2      OK:         	White=14    	Black=17     Best:        	---       	Black=5      Strong:       	---       	Black=1} 0-1